Description

Economic build by TY.

Replay - LiquidTaeJa v TSGTYTY - Nightshade LE

Build Order

Get SALT Encoding   

  12  0:00  SCV  
  13  0:12  SCV  
  14  0:17  Supply Depot  
  14  0:24  SCV  
  15  0:28  Refinery  
  15  0:38  SCV  
  16  0:43  Barracks  
  16  0:50  SCV  
  16  0:54  Refinery  
  17  1:02  SCV  
  18  1:14  SCV  
  19  1:31  Orbital Command, Factory  
  19  1:34  Reaper  
  20  1:41  Supply Depot  
  20  1:57  SCV  
  21  2:06  Reaper  
  22  2:09  SCV  
  22  2:15  Hellion  
  25  2:21  SCV  
  26  2:27  Command Center  
  25  2:37  Hellion  
  25  2:38  Reaper  
  25  2:40  SCV  
  28  2:47  Starport  
  28  2:52  SCV  
  28  2:54  Supply Depot  
  29  3:00  Factory Tech Lab  
  29  3:04  SCV  
  30  3:10  Barracks Reactor  
  30  3:16  SCV  
  30  3:19  Cyclone  
  34  3:28  SCV  
  34  3:30  Medivac  
  37  3:40  Orbital Command, SCV  
  35  3:49  Marine x2  
  35  3:52  SCV  
  39  4:04  SCV  
  39  4:07  Marine x2, SCV  
  40  4:15  Raven  
  40  4:17  SCV  
  43  4:18  Factory Tech Lab  
  43  4:19  SCV  
  44  4:24  Marine x2  
  44  4:29  Command Center, SCV  
  47  4:31  SCV  
  47  4:35  Supply Depot  
  48  4:39  Siege Tank  
  48  4:41  SCV  
  48  4:43  SCV  
  48  4:44  Marine  
  54  4:56  SCV x2  
  54  4:57  Refinery  
  55  5:07  Starport Reactor  
  55  5:08  Marine, Barracks x2, SCV x2, Stimpack  
  58  5:17  Engineering Bay  
  58  5:20  SCV, Engineering Bay  
  59  5:21  Refinery  
  59  5:23  SCV  
  60  5:31  Supply Depot  
  60  5:32  SCV, Supply Depot  
  60  5:34  Marine  
  62  5:40  Siege Tank  
  64  5:43  SCV  
  64  5:44  Orbital Command  
  65  5:50  SCV  
  65  5:51  Marine, Terran Infantry Weapons Level 1  
  65  5:52  Terran Infantry Armor Level 1  
  66  6:00  SCV  
  66  6:01  Marine  
  66  6:02  Marine x2, SCV  
  72  6:11  SCV  
  72  6:15  Marine  
  72  6:16  SCV  
  75  6:19  Marine x2  
  75  6:22  Orbital Command  
  75  6:23  SCV  
  74  6:27  Marine, Starport Reactor  
  74  6:28  Marine  
  74  6:29  SCV  
  74  6:32  Marine, Siege Tank  
  80  6:37  Marine x2  
  83  6:40  SCV  
  83  6:42  SCV, Supply Depot  
  83  6:45  Marine  
  86  6:47  Marine, Combat Shield  
  86  6:49  SCV  
  86  6:50  Marine  
  86  6:52  SCV  
  89  6:55  Marine x2, SCV  
  91  7:01  SCV, Armory  
  91  7:03  Marine  
  91  7:04  Medivac x2  
  91  7:05  SCV  
  91  7:07  SCV  
  99  7:10  Marine x2  
  101  7:17  Supply Depot  
  101  7:20  Supply Depot  
  101  7:23  Supply Depot  
  101  7:25  Barracks, SCV  
  101  7:26  Barracks, SCV  
  101  7:28  SCV  
  101  7:30  Siege Tank  
  101  7:35  Marine x2  
  101  7:39  Marine, Medivac x2, SCV x2  
  101  7:41  Missile Turret  
  101  7:43  SCV  
  109  7:44  Marine x2  
  112  7:51  SCV  
  112  7:52  Sensor Tower  
  112  7:53  Marine  
  112  7:56  SCV x2  
  112  7:57  Marine x2  
  117  7:59  Terran Infantry Weapons Level 2, Supply Depot  
  117  8:00  Terran Infantry Armor Level 2  
  117  8:02  Marine  
  117  8:03  SCV  
  119  8:08  SCV  
  119  8:12  Barracks Reactor  
  117  8:17  SCV  
  101  8:23  Marine x5  
  96  8:27  SCV x2  
  96  8:29  SCV  
  86  8:34  Marine  
  86  8:39  SCV x2  
  86  8:41  Marine x5, Viking x2  
  87  8:42  Siege Tank  
  87  8:45  SCV  
  95  8:51  SCV  
  95  8:52  Marine x3  
  99  8:56  SCV  
  99  8:57  SCV  
  99  8:59  Marine x4  
  106  9:07  Refinery  
  106  9:08  Refinery  
  106  9:09  Barracks Reactor  
  105  9:10  Marine x3  
  105  9:11  Liberator x2  
  105  9:16  Marine  
  105  9:17  Marine x3, Supply Depot  
  111  9:18  SCV x2  
  111  9:19  SCV  
  115  9:28  Marine x2  
  115  9:29  Siege Tank  
  115  9:30  SCV  
  128  9:32  SCV x2  
  128  9:34  Marine  
  128  9:36  Supply Depot  
  130  9:39  Marine x3  
  133  9:46  Marine x4, Barracks Reactor  
  133  9:52  Marine  
  138  9:57  Marine x2  
  138  9:59  SCV x2  
  141  10:02  Supply Depot x3  
  141  10:03  Marine  
  141  10:04  Marine x3  
  141  10:06  Siege Tank  
  148  10:09  Marine  
  148  10:13  Marine  
  149  10:23  Medivac x2  
  149  10:25  Supply Depot  
  152  10:33  Marine x2  
  154  10:38  Siege Tank  
  154  10:40  Marine x6  
  163  10:45  Marine x2  
  163  10:46  Terran Infantry Armor Level 3  
  165  10:51  Marine x2  
  165  10:53  SCV x2  
  165  10:54  SCV  
  165  10:55  Command Center  
  170  10:58  Marine  
  170  11:01  Viking x2  
  175  11:10  Marine, Siege Tank  
  175  11:11  Marine x4  
  181  11:14  Marine, SCV x2  
  181  11:21  Marine  
  174  11:25  Marine  
  166  11:32  Viking x2  
  166  11:34  Factory  
  166  11:35  Terran Infantry Weapons Level 3  
  168  11:42  Siege Tank  
  157  11:49  Marine  
  157  11:50  Marine x6  
  157  11:52  Marine  
  157  11:53  Marine x2  
  137  11:54  SCV x2  
  138  12:07  Marine x7  
  139  12:10  Viking, Marine  
  139  12:12  Viking  
  144  12:20  Marine x2  
  146  12:25  Marine  
  146  12:27  Siege Tank  
  146  12:28  Siege Tank  
  153  12:40  Viking  
  155  12:45  Sensor Tower  
  154  12:54  Marine x5, Command Center  
  154  12:56  Orbital Command  
  157  13:05  Viking  
  157  13:08  Siege Tank x2, Armory  
  144  13:30  Viking  
  134  13:37  Marine  
  134  13:38  Marine  
  134  13:40  Viking, Siege Tank  
  127  13:42  SCV x2  
  127  13:43  SCV  
  128  13:49  Marine  
  128  13:51  Marine  
  120  13:57  Marine x4  
  120  13:58  Marine x4  
  120  13:59  Siege Tank  
  123  14:06  Marine  
  123  14:09  Marine  
  118  14:14  SCV x3  
  118  14:15  Marine x6  
Spawning Tool Build Advisor. Get it on Overwolf

Go to:

Details

  • Created by: Luye
  • Published on: Feb 01, 2020
  • Modified on: Feb 01, 2020
  • Patch: 4.11.0
Show
View Real Time Build Order
Export as new Build Order

Comments (1)

On Feb. 1, 2020, 4:01 p.m., Luye  said:

Scrapping this build one for the time being as it's too much of a technical build to execute for me right now. On this small map, both Taeja and TY go double gas to get a fast factory out, but gradually scale down gas production for a bit to also get a fast 2nd CC.

Create an account to comment!